 Dungeon Crawl Stone Soup version 0.26-a0-737-g4e9f4955e2 (webtiles) character file.

Game seed: 13035533904747748486

4 Descartes the Sneak (level 1, 0/10 HPs)
             Began as a Felid Delver on Nov 4, 2020.
             Slain by an adder (1 damage)
             ... on level 2 of the Dungeon.
             The game lasted 00:00:29 (95 turns).

Descartes the Sneak (Felid Delver)                    Turns: 95, Time: 00:00:29

Health: 0/10       AC:  1    Str:  8    XL:     1   Next: 58%
Magic:  2/2        EV: 18    Int: 11    God:
Gold:   9          SH:  0    Dex: 17    Spells: 0/0 levels left
                                        Lives:  0   Deaths: 0

rFire    . . .     SeeInvis +     - Unarmed
rCold    . . .     Faith    .   (shield unavailable)
rNeg     . . .     Spirit   .   (armour unavailable)
rPois    .         Reflect  .   (helmet unavailable)
rElec    .         Harm     .   (cloak unavailable)
rCorr    .         Rampage  .   (gloves unavailable)
MR       .....                  (boots unavailable)
Stlth    ++++......             (no amulet)
HPRegen  0.03/turn              (no ring)
MPRegen  0.08/turn              (no ring)

@: lethally poisoned (0 -> -14), quick
A: very small, no armour, no weapons or thrown items, stealth, claws 1, fangs 3,
see invisible, speed 1, shaggy fur 1, sharp paws
a: no special abilities


You were on level 2 of the Dungeon.
You visited 1 branch of the dungeon, and saw 4 of its levels.

You collected 9 gold pieces.

Inventory:

Wands
 e - a wand of digging (3)
Scrolls
 a - a scroll of fog
 b - a scroll of magic mapping
 c - a scroll of fear
Potions
 d - a potion of haste


   Skills:
 - Level 3.0 Fighting
 - Level 2.6 Dodging
 + Level 7.0 Stealth
 - Level 2.0 Unarmed Combat


You couldn't memorise any spells.
You didn't know any spells.
Your spell library was empty.

Dungeon Overview and Level Annotations

Branches:
Dungeon (5/15)
 Temple: D:4-7

Altars:


Innate Abilities, Weirdness & Mutations

You cannot wear armour.
You are incapable of wielding weapons or throwing items.
Your paws allow you to move quietly. (Stealth)
You have sharp claws.
You have razor-sharp teeth.
You have supernaturally acute eyesight. (SInv)
You cover ground quickly.
You are covered in fur. (AC +1)
Your sharp claws are effective at attacking unaware monsters.


Message History

The adder is severely wounded.
The bat closely misses you. The bat misses you. The adder barely misses you.
The bat misses you.
You miss the adder. You bite the adder, but do no damage.
The adder is severely wounded.
You feel sick. The bat completely misses you. The adder closely misses you.
The bat barely misses you.
You closely miss the adder.
The adder is severely wounded.
The adder barely misses you. The adder bites you.
Ouch! That really hurt!
* * * LOW HITPOINT WARNING * * *
You are more poisoned.
The adder poisons you!
You scratch the adder.
The adder is almost dead.
* * * LOW HITPOINT WARNING * * *
You feel sick. The bat completely misses you. The bat closely misses you.
The adder bites you.
You die...

#.# #.# #.# #.#
#.# #.# #
..#.#####.######.#
.$.....>.....b@S.#
^^^.####.#########
^ #.# ... #####


You could see an adder and a bat.

Vanquished Creatures
  A leopard gecko (D:5)
  A ball python (D:3)
  A giant cockroach (D:5)
3 creatures vanquished.

Notes
Turn   | Place    | Note
-------+----------+-------------------------------------------
     0 | D:5      | Descartes the Felid Delver began the quest for the Orb.
     0 | D:5      | Reached XP level 1. HP: 10/10 MP: 2/2
    29 | D:5      | Noticed a phantom
    53 | D:4      | Noticed an ogre
    74 | D:3      | Reached skill level 7 in Stealth
    95 | D:2      | Slain by an adder

Illustrated notes

Levels and vault maps discovered:
D:2:      layout_loops_ring, fedhas_altar_fruit_tree,
          lemuel_zombie_altar_yredelemnul, old_standard_altar, xom_teletrap_fun
D:3:      layout_rooms, uniq_natasha, uniq_terence, uniq_crazy_yiuf_cottage
D:4:      layout_loops_ring
D:5:      layout_basic, nicolae_overflow_hidden_temple, nicolae_ru_awakened_eye

Skill      XL: |  1 |
---------------+----+-----
Stealth        | 7 |  7.0
Fighting       | |  3.0
Dodging        | |  2.6
Unarmed Combat | |  2.0

Action                   || total
-------------------------++-------
Melee: Unarmed           ||    21
       Bite              ||     3
       Punch             ||     1
 Stab: Sleeping          ||     2
Armor: Skin              ||     2
Dodge: Dodged            ||    36

Table legend: (Time is in decaauts)
 A = Elapsed time spent in this place.
 B = Non-inter-level travel time spent in this place.
 C = Inter-level travel time spent in this place.
 D = Time resting spent in this place.
 E = Time spent auto-exploring this place.
 F = Levels seen in this place.
 G = Mean time per level.
                   A        B        C        D        E       F      G
               +--------+--------+--------+--------+--------+-----+--------+
         Total |     82 |     82 |      0 |      0 |     23 |   4 |   20.5 |
       Dungeon |     82 |     82 |      0 |      0 |     23 |   4 |   20.5 |
               +--------+--------+--------+--------+--------+-----+--------+

Top non-repeatable levels by time:
     D:5: 34 daAuts
     D:4: 28 daAuts
     D:2: 14 daAuts
     D:3: 5 daAuts
